 Dungeon Crawl Stone Soup version 0.32-a0-131-g9dbbe29261 (webtiles) character file.

Game seed: 3221970855975385591

188576 gruber the Devastator (level 17, 96/96 HPs)
             Began as a Deep Elf Conjurer on Feb 2, 2024.
             Was a High Priest of Vehumet.
             Quit the game on level 4 of the Snake Pit on Feb 8, 2024.
             The game lasted 01:18:13 (42711 turns).

gruber the Devastator (Deep Elf Conjurer)          Turns: 42711, Time: 01:18:14

Health: 96/96      AC:  9    Str:  4    XL:     17   Next: 48%
Magic:  32/32      EV: 17    Int: 41    God:    Vehumet [*****.]
Gold:   1974       SH: 17    Dex: 19    Spells: 20/52 levels left

rFire   + + .        V - +8 long sword "Gihoshrann" {freeze, rPois MP-9 Int+9}
rCold   + + .        Y - +0 kite shield {rC+ rF+}
rNeg    . . .        P - +1 leather armour {rF+}
rPois   +            (no helmet)
rElec   .            g - +0 cloak
rCorr   .            W - +1 pair of gloves {hurl}
SInv    .            p - +0 pair of boots
Will    ++...        i - amulet of reflection
Stlth   ++++         L - ring of protection from cold
HPRegen 0.36/turn    x - ring "Genasidy" {Will+ Dex+6}
MPRegen 0.23/turn

%: reflection
@: no status effects
A: no striking features
}: 1/15 runes: serpentine
a: Renounce Religion


You were on level 4 of the Snake Pit.
You worshipped Vehumet.
Vehumet was extremely pleased with you.
You visited 5 branches of the dungeon, and saw 27 of its levels.
You visited 1 bazaar.
You also visited: Volcano.

You collected 3341 gold pieces.
You spent 1367 gold pieces at shops.

Inventory:

Hand Weapons
 h - the +2 rapier "Killer Bee's Bane" {freeze, rF+ rC+ Will+}
   (You bought it in a shop in a bazaar)

   rF+:       It protects you from fire.
   rC+:       It protects you from cold.
   Will+:     It increases your willpower.
 n - the +5 spear of the Gloaming {spect, rPois rN+ Stlth+}
   (You found it on level 3 of the Dungeon)

   rPois:     It protects you from poison rN+: It protects you from negative
   energy.
   Stlth+:    It makes you more stealthy.
 V - the +8 long sword "Gihoshrann" (weapon) {freeze, rPois MP-9 Int+9}
   (You found it on level 14 of the Dungeon)

   Int+9:     It affects your intelligence (+9).
   rPois:     It protects you from poison MP-9: It affects your magic capacity
   (-9).
Missiles
 H - 6 curare-tipped darts
Armour
 g - a +0 cloak (worn)
 p - a +0 pair of boots (worn)
 P - a +1 leather armour of fire resistance (worn)
 W - a +1 pair of gloves of hurling (worn)
 Y - a +0 kite shield of resistance (worn)
Jewellery
 i - an amulet of reflection (around neck)
 x - the ring "Genasidy" (right hand) {Will+ Dex+6}
   (You found it on level 5 of the Dungeon)

   [ring of dexterity]

   Dex+6:     It affects your dexterity (+6).
   Will+:     It increases your willpower.
 y - a ring of see invisible
 B - a ring of protection from fire
 I - a ring of resist corrosion
 L - a ring of protection from cold (left hand)
 Z - an amulet of the acrobat
Wands
 m - a wand of flame (18)
 E - a wand of roots (18)
 F - a wand of mindburst (8)
 J - a wand of paralysis (15)
 N - a wand of quicksilver (2)
Scrolls
 a - a scroll of silence
 c - 5 scrolls of enchant weapon {unknown}
 d - 10 scrolls of teleportation {unknown}
 e - 5 scrolls of vulnerability {unknown}
 f - 5 scrolls of revelation {unknown}
 j - 5 scrolls of brand weapon {unknown}
 v - 4 scrolls of blinking
 D - 3 scrolls of torment {unknown}
 K - 2 scrolls of fog
 Q - a scroll of immolation
 R - a scroll of butterflies
 S - 4 scrolls of enchant armour
 U - a scroll of amnesia
 X - 3 scrolls of identify
Potions
 b - 3 potions of magic
 l - a potion of ambrosia
 o - 3 potions of cancellation
 q - a potion of brilliance
 r - 2 potions of might
 s - 10 potions of curing
 t - 2 potions of enlightenment
 u - 5 potions of lignification
 w - 5 potions of heal wounds
 z - 5 potions of invisibility
 A - 7 potions of haste
 G - a potion of attraction
 M - 2 potions of berserk rage
Miscellaneous
 k - a box of beasts
 C - a phial of floods
 O - a lightning rod (4/4)
 T - a condenser vane


   Skills:
 - Level 7.0 Fighting
 - Level 5.0 Armour
 - Level 14.5 Dodging
 - Level 9.1 Stealth
 * Level 9.6 Shields
 - Level 18.0 Spellcasting
 - Level 19.0 Conjurations
 - Level 9.0 Summonings
 - Level 7.6 Necromancy
 - Level 4.0 Translocations
 - Level 8.0 Earth Magic


You had 20 spell levels left.
You knew the following spells:

 Your Spells              Type           Power      Damage    Failure   Level
a - Magic Dart            Conj           100%       1d8       0%          1
b - Searing Ray           Conj           100%       2d8       0%          2
c - Iskenderun's Mystic   Conj/Tloc      92%        2d18      1%          4
d - Stone Arrow           Conj/Erth      100%       3d13      1%          3
e - Iskenderun's Battles  Conj           100%       2d15      1%          5
f - Spellforged Servitor  Conj/Summ      50%        N/A       5%          7
g - Borgnjor's Vile Clut  Necr/Erth      39%        N/A       9%          5
h - Freezing Cloud        Conj/Ice/Air   36%        6-21      4%          5

Your spell library contained the following spells:

 Spells                   Type           Power      Damage    Failure   Level
 Orb of Destruction       Conj           56%        9d14      1%          7
 Shock                    Conj/Air       100%       1d9       1%          1
 Summon Small Mammal      Summ           100%       N/A       1%          1
 Call Canine Familiar     Summ           84%        N/A       1%          3
 Hailstorm                Conj/Ice       86%        3d14      1%          3
 Fulminant Prism          Conj/Alch      43%        3d19      1%          4
 Arcjolt                  Conj/Air       43%        1d53      1%          5
 Irradiate                Conj/Alch      43%        3d26      1%          5
 Bombard                  Conj/Erth      49%        9d8       1%          6
 Volatile Blastmotes      Fire/Tloc      100%       2d18      2%          3
 Scorch                   Fire           72%        2d8       3%          2
 Summon Ice Beast         Ice/Summ       65%        N/A       3%          3
 Frozen Ramparts          Ice            72%        1d11      6%          3
 Inner Flame              Hex/Fire       36%        N/A       6%          3
 Summon Blazeheart Golem  Fire/Summ      65%        N/A       12%         4
 Leda's Liquefaction      Alch/Erth      31%        N/A       14%         4
 Petrify                  Alch/Erth      62%        N/A       14%         4
 Anguish                  Hex/Necr       31%        N/A       16%         4
 Airstrike                Air            18%        2d(3-19)  19%         4
 Sigil of Binding         Hex            36%        N/A       22%         3
 Swiftness                Air            36%        N/A       22%         3
 Tukima's Dance           Hex            36%        N/A       22%         3
 Dimensional Bullseye     Hex/Tloc       26%        N/A       32%         4
 Vhi's Electric Charge    Tloc/Air       100%       N/A       32%         4
 Cause Fear               Hex            18%        N/A       58%         4
 Alistair's Intoxication  Alch           24%        N/A       91%         5
 Metabolic Englaciation   Hex/Ice        18%        N/A       91%         5
 Eringya's Noxious Bog    Alch           18%        4d6       94%         6
 Sculpt Simulacrum        Ice/Alch       18%        N/A       100%        6
 Ignition                 Fire           18%        3d7       100%        8
 Maxwell's Capacitive Co  Air            18%        ∞         100%        8


Dungeon Overview and Level Annotations

Branches:
Dungeon (15/15)            Temple (1/1) D:5            Lair (5/5) D:8
 Shoals (0/4) Lair:3        Snake (4/4) Lair:2        Slime (0/5) Lair:4
    Orc (2/2) D:11            Elf (0/3) Orc:2        Vaults (0/5) D:13
 Depths (0/4) D:15        Volcano (visited)

Altars:
Ashenzari
Cheibriados
Dithmenos
Elyvilon
Fedhas
Gozag
Hepliaklqana
Kikubaaqudgha
Makhleb
Nemelex Xobeh
Okawaru
Qazlal
Ru
Sif Muna
Trog
Uskayaw
Vehumet
Wu Jian
Xom
Yredelemnul
Zin
The Shining One

Shops:
D:4 =   D:5 ?   D:13 :   Orc:1 =   Orc:2 *:??   Snake:1 *   Snake:2 (*:[

Annotations:
D:9 2 transporters


Message History

The stone arrow hits the naga mage!!
The naga mage is severely wounded.
Your battlesphere fires!
The barrage of energy hits the naga mage.
The naga mage is severely wounded.
The naga mage gestures wildly while chanting.
The naga mage seems to speed up.
Casting: Stone Arrow (safe; 1% risk of failure)
Confirm with . or Enter, or press ? or * to list all spells.
Aiming: Stone Arrow (safe; 1% risk of failure)
Press: ? - help, Shift-Dir - straight line, f/p - naga mage
Aim: a naga mage, wielding a +0 spear (severely wounded, fast, ally target, 78% to hit)
The stone arrow hits the naga mage.
The naga mage is almost dead.
Your battlesphere fires!
The barrage of energy hits the naga mage!
You kill the naga mage!
Vehumet accepts your kill.
You feel your power returning.
Your magical contamination has completely faded away.
Your battlesphere wavers and loses cohesion.
Magic restored.
Things that are here:
a +0 hand axe; a naga corpse You open the door.
There is an open door here.
Things that are here:
a +0 flail; a +0 robe You see here a salamander skeleton.
There is an open door here.
Done exploring.
Done exploring.
Done exploring.
Saving game... please wait.
Welcome back, gruber the Deep Elf Conjurer.
Vehumet says: Let it end in hellfire!
Press ? for a list of commands and other information.
Done exploring.
Done exploring.
Are you sure you want to abandon this character and quit the game? (Confirm with "yes".)

##.........#........
#..........#........
#..........#........
#..........#........
###........#........
#........#........
#........########)
##..............[).
#.@...........†[...
#..........<#......
##.........###.....
##...###### ######
##.## ###


There were no monsters in sight!

Vanquished Creatures
  Jorgrun (Snake:2)
  A quicksilver dragon (Snake:4)
  7 nagarajas
  A frost giant (D:15)
  Azrael (Orc:1)
  Josephine (Orc:2)
  Erolcha (D:11)
  An ice dragon (Lair:5)
  2 catoblepae
  5 hydras
  4 ogre magi
  7 centaur warriors
  5 salamander tyrants
  6 anacondas
  7 death yaks
  3 boulder beetles
  12 naga warriors
  31 two-headed ogres
  5 tengu warriors
  6 shock serpents
  A hell knight (Volcano)
  5 naga sharpshooters
  3 skysharks
  Amaemon (Lair:2)
  2 salamander mystics
  11 mana vipers
  A swamp dragon (Lair:5)
  2 lindwurms (Lair:5)
  9 naga ritualists
  A deep elf pyromancer (D:15)
  12 ugly things
  6 manticores
  17 salamanders
  8 elephants (Lair:5)
  3 cyclopes
  Maurice (D:11)
  3 meliai (D:15)
  A guardian serpent (Snake:4)
  38 black mambas
  A guardian serpent (shapeshifter) (D:14)
  9 kobold blastminers
  A molten gargoyle (Volcano)
  14 naga magi
  An orange demon (Lair:2)
  6 cane toads
  Maggie (D:7)
  3 gargoyles
  An unseen horror (D:11)
  7 komodo dragons
  4 kobold demonologists
  2 tengu conjurers (D:13)
  7 rime drakes
  An efreet (D:14)
  Psyche (D:11)
  A queen bee (shapeshifter) (D:15)
  4 trolls
  2 polar bears
  17 blink frogs
  2 dream sheep (Lair:5)
  8 slime creatures
  A snapping turtle (Lair:3)
  A spriggan (shapeshifter) (D:14)
  A shadow (D:12)
  7 wraiths
  4 fire bats (Volcano)
  2 vampires
  A nameless horror (D:14)
  4 wyverns
  2 fire elementals (Orc:2)
  29 yaks
  11 basilisks
  2 steam dragons (Lair:5)
  4 wargs
  A water elemental (Lair:3)
  5 vampire mosquitoes
  29 nagas
  Menkaure (D:7)
  2 acid dragons
  3 hell hounds
  Duvessa (D:7)
  12 water moccasins
  2 swamp drakes (Lair:5)
  30 orc warriors
  A sky beast (D:6)
  3 black bears
  A laughing skull (D:14)
  25 ogres
  9 wolves
  13 centaurs
  2 phantoms (D:5)
  2 kobold brigands
  13 bullfrogs
  3 gnoll sergeants
  4 scorpions
  8 wights
  Dowan (D:7)
  8 killer bees (D:10)
  3 electric eels (Lair:4)
  7 howler monkeys
  A bombardier beetle (D:7)
  6 lava snakes
  2 jellies
  A gnoll bouda (D:3)
  2 hounds
  18 orc priests
  Jessica (D:3)
  2 sleepcaps
  10 iguanas
  24 orc wizards
  6 adders
  23 gnolls
  2 white imps
  2 ufetubi (D:5)
  2 ribbon worms
  4 dart slugs
  89 orcs
  11 endoplasms
  3 giant cockroaches
  11 goblins
  9 hobgoblins
  2 jackals (D:1)
  A quokka (D:3)
  6 ball pythons
  6 bats
  3 frilled lizards
  18 kobolds
  2 rats (D:2)
850 creatures vanquished.

Vanquished Creatures (collateral kills)
  Saint Roka (Orc:2)
  A nagaraja (Snake:4)
  An ironbound preserver (D:13)
  Snorg (Orc:2)
  A salamander tyrant (Snake:4)
  An ogre mage (D:15)
  A two-headed ogre (D:15)
  An anaconda (Snake:4)
  A centaur warrior (D:14)
  A skeletal warrior (D:14)
  2 ugly things
  A guardian serpent (Snake:4)
  An efreet (D:14)
  A fire elemental (Orc:2)
  A hell hound (Orc:2)
  2 ogres (D:15)
  2 orc priests (Orc:2)
  2 orcs (Orc:2)
22 creatures vanquished.

Grand Total: 872 creatures vanquished

Notes
Turn   | Place    | Note
-------+----------+-------------------------------------------
     0 | D:1      | gruber the Deep Elf Conjurer began the quest for the Orb.
     0 | D:1      | Reached XP level 1. HP: 10/10 MP: 6/6
   224 | D:1      | Reached XP level 2. HP: 15/15 MP: 5/8
   381 | D:1      | Reached skill level 5 in Conjurations
  1123 | D:2      | Reached XP level 3. HP: 19/19 MP: 2/9
  1533 | D:2      | Learned a level 2 spell: Searing Ray
  1932 | D:2      | Reached XP level 4. HP: 22/24 MP: 1/11
  2241 | D:3      | Reached skill level 6 in Conjurations
  2314 | D:3      | Found the +18 shield of the Gong {Loud rN+ Will+ rCorr
                  | EV-5}
  2480 | D:3      | Noticed Jessica
  2483 | D:3      | Killed Jessica
  2681 | D:3      | Identified the +5 spear of the Gloaming {spect, rPois rN+
                  | Stlth+}
  2730 | D:3      | Reached XP level 5. HP: 28/28 MP: 5/13
  3070 | D:3      | Reached skill level 5 in Spellcasting
  3207 | D:3      | Reached skill level 7 in Conjurations
  3291 | D:3      | Reached XP level 6. HP: 32/32 MP: 14/16
  3339 | D:3      | You fall into a shaft and drop 1 floor!
  3450 | D:4      | Found Uqoop's Jewellery Emporium.
  4150 | D:4      | Learned a level 4 spell: Iskenderun's Mystic Blast
  4505 | D:4      | Found a bloodstained altar of Trog.
  4514 | D:4      | Reached XP level 7. HP: 36/36 MP: 12/19
  4776 | D:5      | Entered Level 5 of the Dungeon
  4936 | D:5      | Reached skill level 8 in Conjurations
  5019 | D:5      | Identified the ring "Genasidy" {Will+ Dex+6}
  5138 | D:5      | Found a staircase to the Ecumenical Temple.
  5179 | Temple   | Entered the Ecumenical Temple
  5286 | Temple   | Became a worshipper of Vehumet
  5309 | D:5      | Reached XP level 8. HP: 41/41 MP: 13/22
  5541 | D:5      | Reached skill level 9 in Conjurations
  5800 | D:5      | Found a broken altar of Ashenzari.
  5822 | D:5      | Found a shimmering blue altar of Sif Muna.
  5958 | D:5      | Found Buifoek's Magic Scroll Shop.
  6109 | D:5      | Bought a scroll of identify for 20 gold pieces
  6425 | D:6      | Reached skill level 5 in Dodging
  6847 | D:6      | Reached skill level 1 in Fighting
  7216 | D:6      | Reached XP level 9. HP: 52/52 MP: 12/24
  7498 | D:7      | Noticed Maggie
  7537 | D:7      | Reached * piety under Vehumet
  7537 | D:7      | Offered knowledge of Foxfire by Vehumet.
  7671 | D:7      | Reached skill level 10 in Spellcasting
  8142 | D:7      | Killed Maggie
  8143 | D:7      | Reached skill level 10 in Conjurations
  8326 | D:7      | Noticed Menkaure
  8332 | D:7      | Killed Menkaure
  8753 | D:7      | Noticed Duvessa
  8756 | D:7      | Noticed Dowan
  8761 | D:7      | Killed Duvessa
  8764 | D:7      | Killed Dowan
  8967 | D:8      | Found a staircase to the Lair.
  8981 | D:8      | Reached XP level 10. HP: 51/56 MP: 21/28
  9133 | D:8      | Reached skill level 11 in Conjurations
  9449 | D:8      | Offered knowledge of Freeze by Vehumet.
  9449 | D:8      | Reached ** piety under Vehumet
  9874 | D:8      | Reached skill level 12 in Conjurations
 10821 | D:9      | Found a transporter.
 10845 | D:9      | Found a transporter.
 10891 | D:9      | Found an ornate altar of the Wu Jian Council.
 11143 | D:9      | Offered knowledge of Dazzling Flash by Vehumet.
 11435 | D:9      | Reached skill level 1 in Translocations
 12074 | D:10     | Entered Level 10 of the Dungeon
 12080 | D:10     | Reached *** piety under Vehumet
 12147 | D:10     | Found an ancient bone altar of Kikubaaqudgha.
 12337 | D:10     | Offered knowledge of Stone Arrow by Vehumet.
 12342 | D:10     | Learned a level 3 spell: Stone Arrow
 12399 | D:10     | Reached skill level 1 in Earth Magic
 12399 | D:10     | Reached XP level 11. HP: 61/61 MP: 2/29
 12558 | D:10     | Found an iron altar of Okawaru.
 12563 | D:10     | Found a burning altar of Makhleb.
 12568 | D:10     | Found a shimmering altar of Xom.
 12571 | D:10     | Found a stormy altar of Qazlal.
 12834 | D:11     | Identified the +0 sling of Tension {speed, Str+5 Dex+4}
 13063 | D:11     | Noticed Psyche
 13081 | D:11     | Killed Psyche
 13197 | D:11     | Noticed Maurice
 13197 | D:11     | Noticed a boulder beetle
 13495 | D:11     | Noticed Erolcha
 13498 | D:11     | Killed Erolcha
 13499 | D:11     | Reached skill level 5 in Earth Magic
 13863 | D:11     | Found a staircase to the Orcish Mines.
 13891 | D:11     | Maurice stole the +18 shield of the Gong {Loud rN+ Will+
                  | rCorr EV-5}
 13894 | D:11     | Maurice stole a ring of protection from cold
 13897 | D:11     | Killed Maurice
 14194 | Lair:1   | Entered Level 1 of the Lair of Beasts
 14353 | Lair:1   | Reached **** piety under Vehumet
 14360 | Lair:1   | Offered knowledge of Flame Wave by Vehumet.
 14655 | Lair:1   | Reached skill level 15 in Spellcasting
 15141 | Lair:2   | Noticed a death yak
 15141 | Lair:2   | Noticed a death yak
 15141 | Lair:2   | Noticed a death yak
 15152 | Lair:2   | Noticed a death yak
 15156 | Lair:2   | Killed a death yak
 15157 | Lair:2   | Reached XP level 12. HP: 46/66 MP: 14/33
 15160 | Lair:2   | Killed a death yak
 15294 | Lair:1   | Killed a death yak
 15295 | Lair:1   | Reached skill level 10 in Dodging
 15453 | Lair:2   | Killed a death yak
 15590 | Lair:2   | Found a dark tunnel.
 15598 | Volcano  | Entered a volcano
 15829 | Volcano  | Noticed a two-headed ogre
 15829 | Volcano  | Noticed a two-headed ogre
 15839 | Volcano  | Killed a two-headed ogre
 15840 | Volcano  | Reached skill level 5 in Fighting
 15843 | Volcano  | Noticed an ogre mage
 15846 | Volcano  | Noticed a two-headed ogre
 15852 | Volcano  | Noticed a two-headed ogre
 15853 | Volcano  | Killed a two-headed ogre
 15853 | Volcano  | Killed an ogre mage
 15858 | Volcano  | Killed a two-headed ogre
 15862 | Volcano  | Killed a two-headed ogre
 15935 | Volcano  | Noticed a two-headed ogre
 16023 | Volcano  | Killed a two-headed ogre
 16069 | Volcano  | Found a burning altar of Makhleb.
 16106 | Volcano  | Found a burning altar of Makhleb.
 16233 | Lair:2   | Noticed Amaemon
 16246 | Lair:2   | Killed Amaemon
 16247 | Lair:2   | Reached skill level 1 in Armour
 16645 | Lair:2   | Found a staircase to the Snake Pit.
 17216 | Lair:3   | Reached XP level 13. HP: 58/76 MP: 5/34
 17425 | Lair:3   | Reached skill level 5 in Armour
 17432 | Lair:3   | Reached ***** piety under Vehumet
 17432 | Lair:3   | Offered knowledge of Starburst by Vehumet.
 17910 | Lair:3   | Reached skill level 13 in Conjurations
 18379 | Lair:3   | Found a staircase to the Shoals.
 19383 | Lair:4   | Reached skill level 14 in Conjurations
 19586 | Lair:4   | Got the Quarto of Blazing Anathema
 19751 | Lair:4   | Found a staircase to the Slime Pits.
 20034 | Lair:5   | Entered Level 5 of the Lair of Beasts
 20549 | Lair:5   | Reached skill level 15 in Conjurations
 20850 | Lair:5   | Learned a level 5 spell: Iskenderun's Battlesphere
 20858 | Lair:5   | Learned a level 7 spell: Spellforged Servitor
 20882 | Lair:5   | Reached skill level 1 in Summonings
 21189 | Lair:5   | Reached skill level 5 in Summonings
 21275 | Lair:5   | Reached XP level 14. HP: 82/82 MP: 18/35
 21356 | Lair:5   | Found the +4 robe of Folly {Brill Will-∞ Int+8}
 22175 | Lair:5   | Identified the +0 leather armour of Vehumet's Inspiration
                  | {Int+2}
 22617 | Orc:1    | Entered Level 1 of the Orcish Mines
 22629 | Orc:1    | Offered knowledge of Lee's Rapid Deconstruction by Vehumet.
 23305 | Orc:1    | Found Gourr's Jewellery Shoppe.
 23815 | Orc:2    | Entered Level 2 of the Orcish Mines
 23815 | Orc:2    | Noticed Azrael
 23815 | Orc:2    | Noticed Snorg
 24011 | Orc:2    | Noticed Saint Roka
 24150 | Orc:1    | Killed Azrael
 24565 | Orc:2    | Found a staircase to the Elven Halls.
 24579 | Orc:2    | Killed Snorg
 24684 | Orc:2    | Noticed Josephine
 24690 | Orc:2    | Killed Josephine
 24955 | Orc:2    | Killed Saint Roka
 25819 | Orc:2    | Reached XP level 15. HP: 86/86 MP: 34/39
 25932 | Orc:2    | Found Qegoun's Magic Scroll Shop.
 25932 | Orc:2    | Found Dyoghech's Magic Scroll Shoppe.
 25933 | Orc:2    | Found Epoaga's Assorted Antiques.
 25933 | Orc:2    | Found Gaxiodaj's Book Shop.
 26416 | D:12     | Found a flickering gateway to a bazaar.
 26430 | Bazaar   | Entered a bazaar
 26430 | Bazaar   | Found Doukk's General Store.
 26430 | Bazaar   | Found Eheuma's Antique Armour Shoppe.
 26471 | Bazaar   | Found Deyskagh's Antique Weapon Emporium.
 26494 | Bazaar   | Bought a scorched robe for 142 gold pieces
 26494 | Bazaar   | Identified the +5 robe of the Lily {rN+} (You bought it in
                  | a shop in a bazaar)
 26500 | Bazaar   | Found Ymnonui's Jewellery Emporium.
 26533 | Bazaar   | Found Eristr Lomnoa's Antique Weapon Shoppe.
 26541 | Bazaar   | Bought a smoking rapier for 234 gold pieces
 26541 | Bazaar   | Identified the +2 rapier "Killer Bee's Bane" {freeze, rF+
                  | rC+ Will+} (You bought it in a shop in a bazaar)
 26567 | Bazaar   | Bought a potion of haste for 140 gold pieces
 26567 | Bazaar   | Bought a scroll of enchant armour for 105 gold pieces
 26567 | Bazaar   | Bought a scroll of identify for 28 gold pieces
 26567 | Bazaar   | Bought a scroll of identify for 28 gold pieces
 26567 | Bazaar   | Bought a scroll of identify for 28 gold pieces
 27579 | D:13     | Reached skill level 5 in Stealth
 27628 | D:13     | Offered knowledge of Yara's Violent Unravelling by Vehumet.
 27685 | D:13     | Found a broken altar of Ashenzari.
 28517 | D:13     | Found Wigguip's Book Boutique.
 28612 | D:13     | Found a gate to the Vaults.
 29000 | Orc:2    | Bought Great Wizards, Vol. II for 380 gold pieces
 29006 | Orc:2    | Learned a level 5 spell: Borgnjor's Vile Clutch
 29195 | D:14     | Reached skill level 1 in Necromancy
 29663 | D:14     | Reached skill level 5 in Necromancy
 30257 | D:14     | Identified the +8 long sword "Gihoshrann" {freeze, rPois
                  | MP-9 Int+9}
 31194 | D:15     | Entered Level 15 of the Dungeon
 31243 | D:15     | Offered knowledge of Freezing Cloud by Vehumet.
 31366 | D:15     | Identified the +3 scimitar of the Twelve Allies {holy,
                  | *Corrode Dex+4}
 31715 | D:15     | Reached skill level 16 in Conjurations
 31995 | D:15     | Found a staircase to the Depths.
 31995 | D:15     | Noticed a frost giant
 32001 | D:15     | Killed a frost giant
 32002 | D:15     | Reached XP level 16. HP: 61/92 MP: 20/40
 32676 | D:15     | Upgraded the game from 0.32-a0-42-ga30500b4d3 to
                  | 0.32-a0-85-g672eff3212
 33182 | Snake:1  | Entered Level 1 of the Snake Pit
 33436 | Snake:1  | Reached skill level 17 in Conjurations
 33636 | Snake:1  | Learned a level 5 spell: Freezing Cloud
 34208 | Snake:1  | Found Yliagior's Assorted Antiques.
 34215 | Snake:1  | Bought a pair of runed gloves for 262 gold pieces
 34387 | Snake:1  | Found a basalt altar of Yredelemnul.
 35426 | Snake:2  | Reached skill level 18 in Conjurations
 35716 | Snake:2  | Noticed Jorgrun
 36189 | Snake:2  | Reached skill level 19 in Conjurations
 36247 | Snake:2  | Killed Jorgrun
 36248 | Snake:2  | Reached skill level 1 in Shields
 36469 | Snake:2  | Found Tiutt's Armour Emporium.
 36469 | Snake:2  | Found Rufulid's Weapon Shoppe.
 36470 | Snake:2  | Found Deul's Book Emporium.
 36753 | Snake:2  | Found Luqaub's General Store.
 37595 | Snake:2  | Offered knowledge of Orb of Destruction by Vehumet.
 38026 | Snake:3  | Reached skill level 5 in Shields
 38807 | Snake:3  | Reached XP level 17. HP: 49/96 MP: 16/41
 39948 | Snake:4  | Entered Level 4 of the Snake Pit
 40546 | Snake:4  | Noticed a quicksilver dragon
 40559 | Snake:4  | Killed a quicksilver dragon
 42189 | Snake:4  | Got a serpentine rune of Zot
 42711 | Snake:4  | Upgraded the game from 0.32-a0-85-g672eff3212 to
                  | 0.32-a0-131-g9dbbe29261
 42711 | Snake:4  | Quit the game

Illustrated notes

Levels and vault maps discovered:
D:1:      dpeg_arrival_pits, layout_basic, serial_curves, eino_curves_04,
          eino_curves_01, eino_curves_03, minmay_crystal_water
D:2:      layout_basic, minmay_fractal_squares_5
D:3:      layout_basic, serial_rivers, chequers_serial_rivers_micro_c,
          chequers_serial_rivers_large_b, chequers_serial_rivers_small_3,
          chequers_serial_rivers_small_b, chequers_serial_rivers_room_b,
          chequers_serial_rivers_small_a, minmay_between, uniq_jessica
D:4:      layout_loops_ring, mainiacjoe_overflow_cross_hatched, serial_shops,
          shop_statue
D:5:      layout_loops_ring, grunt_temple_overflow_open,
          minmay_temple_entry_large_hall, serial_shops,
          nicolae_shop_hallway_plus
D:6:      layout_loops_ring
D:7:      layout_layer_cave, grunt_ministairs_11, uniq_duvessa, uniq_menkaure,
          uniq_maggie
D:8:      layout_basic, lair_entry_dummy, special_room [special_room_orc]
D:9:      gammafunk_steamed_eel, layout_irregular_city, lemuel_doored_altar,
          serial_rivers, chequers_serial_rivers_micro_a,
          chequers_serial_rivers_small_b, chequers_serial_rivers_micro_b,
          chequers_serial_rivers_room_a, chequers_serial_rivers_small_3,
          nicolae_concentric_dashed_squares_mild
D:10:     layout_rooms, old_standard_altar,
          nicolae_overflow_macrodata_refinement
D:11:     layout_roguey, minmay_orc_entry_guard_dogs, uniq_maurice, uniq_psyche,
          uniq_erolcha
D:12:     kennysheep_ambush_hall, layout_basic, serial_shops, bzr_entry_road,
          nicolae_letterblocks [nicolae_letter_subblock,
          nicolae_letter_subblock, nicolae_letter_subblock,
          nicolae_letter_subblock, nicolae_letter_subblock,
          nicolae_letter_subblock, nicolae_letter_subblock,
          nicolae_letter_subblock, nicolae_letter_subblock,
          nicolae_letter_subblock, nicolae_letter_subblock,
          nicolae_letter_subblock, nicolae_letter_subblock,
          nicolae_letter_subblock, nicolae_letter_subblock,
          nicolae_letter_subblock, nicolae_letter_subblock,
          nicolae_letter_subblock, nicolae_letter_subblock,
          nicolae_letter_subblock, nicolae_letter_subblock,
          nicolae_letter_subblock, nicolae_letter_subblock,
          nicolae_letter_subblock, nicolae_letter_subblock]
D:13:     layout_roguey, skrybe_vaults_entry_preservation, serial_shops, shop,
          special_room [special_room_orc], nicolae_ashenzari_panopticon
D:14:     minmay_spotlight, layout_stronghold
D:15:     grunt_enter_depths_snipers, layout_long_grid,
          roderic_lattice_octagonal_star, minmay_fractal_squares_gapless_5
Temple:   nicolae_temple_god_jail
Lair:1:   layout_misc_corridors, lemuel_fruit_fields
Lair:2:   layout_loops_ring, nicolae_snake_entry_warm_welcome,
          nicolae_volcano_entry_hallway, uniq_amaemon
Lair:3:   layout_concentric_octagons, minmay_shoals_entry_hut
Lair:4:   layout_roguey, slime_entry_1, infiniplex_staircase_pool,
          serial_bayou_shore_a, serial_bayou_shore_b
Lair:5:   hangedman_lair_in_review, layout_long_grid, guppyfry_lair_end_dragon
Snake:1:  layout_basic, serial_shops, shop, basic_altar, serial_curves,
          eino_curves_03, eino_curves_04, grunt_megastairs_4
Snake:2:  layout_basic, minmay_shoptagon, uniq_jorgrun
Snake:3:  layout_honeycomb, serial_bayou_shore_b, grunt_megastairs_3
Snake:4:  hellmonk_snake_rune_quicksilver_temple, layout_cave_town,
          grunt_ministairs_11
Orc:1:    layout_caves, serial_shops, nicolae_shop_rolling_square
Orc:2:    st_orc_ogre_mass, layout_caves, uniq_azrael, uniq_saint_roka,
          uniq_snorg, uniq_josephine

Skill      XL: |  1  2  3  4  5  6  7  8  9 10 11 12 13 14 15 16 17 |
---------------+----------------------------------------------------+-----
Conjurations   | 5 6 7 8 9 10 12 15 16 19 | 19.0
Spellcasting   | 4 5 7 8 9 12 15 18 | 18.0
Dodging        | 6 9 12 14 | 14.5
Fighting       | 4 7 |  7.0
Translocations | 4 |  4.0
Earth Magic    | 1 8 |  8.0
Armour         | 4 5 |  5.0
Summonings     | 6 9 |  9.0
Stealth        | 9 |  9.1
Necromancy     | 7 |  7.6
Shields        | 6 9 |  9.6

Action                     |  1- 3 |  4- 6 |  7- 9 | 10-12 | 13-15 | 16-18 || total
---------------------------+-------+-------+-------+-------+-------+-------++-------
  Melee: Spear             |       |    34 |    18 |    25 |     7 |       ||    84
         Punch             |       |       |       |     1 |       |       ||     1
         Rapier            |       |       |       |       |       |     1 ||     1
         Long sword        |       |       |       |       |       |     1 ||     1
   Cast: Magic Dart        |    80 |    90 |    41 |   109 |   168 |   104 ||   592
         Searing Ray       |     1 |     7 |    56 |    78 |    25 |     6 ||   173
         Iskenderun's Myst |       |       |     6 |    79 |   124 |    32 ||   241
         Stone Arrow       |       |       |       |   107 |   367 |   129 ||   603
         Iskenderun's Batt |       |       |       |       |    87 |    42 ||   129
         Spellforged Servi |       |       |       |       |    10 |     6 ||    16
         Borgnjor's Vile C |       |       |       |       |     3 |    48 ||    51
         Freezing Cloud    |       |       |       |       |       |    79 ||    79
  Evoke: Wand              |       |       |     1 |     9 |     1 |     1 ||    12
    Use: Scroll            |       |       |     6 |     8 |     5 |     2 ||    21
   Stab: Sleeping          |       |     5 |     2 |       |       |       ||     7
         Distracted        |       |       |     2 |       |       |       ||     2
 Armour: Robe              |     6 |     5 |    26 |    78 |       |       ||   115
         Leather armour    |       |       |       |     8 |   104 |    82 ||   194
  Dodge: Dodged            |     3 |     4 |    33 |   125 |   134 |    57 ||   356
  Block: Other             |     1 |     3 |    13 |    34 |    42 |    17 ||   110
         Reflection        |     1 |     1 |       |    11 |    13 |    17 ||    43
         Kite shield       |       |       |       |       |       |    19 ||    19

Table legend: (Time is in decaauts)
 A = Elapsed time spent in this place.
 B = Non-inter-level travel time spent in this place.
 C = Inter-level travel time spent in this place.
 D = Time resting spent in this place.
 E = Time spent auto-exploring this place.
 F = Levels seen in this place.
 G = Mean time per level.
                   A        B        C        D        E       F      G
               +--------+--------+--------+--------+--------+-----+--------+
         Total |  42847 |  39622 |   3225 |   3006 |  31360 |  29 | 1477.5 |
       Dungeon |  21170 |  19099 |   2071 |    335 |  16149 |  15 | 1411.3 |
        Temple |    125 |     89 |     36 |     87 |      0 |   1 |  125.0 |
          Lair |   8068 |   7619 |    449 |    251 |   6294 |   5 | 1613.6 |
     Snake Pit |   9143 |   8786 |    357 |   1416 |   6443 |   4 | 2285.8 |
  Orcish Mines |   3645 |   3333 |    312 |    845 |   2031 |   2 | 1822.5 |
        Bazaar |    167 |    167 |      0 |      0 |    106 |   1 |  167.0 |
       Volcano |    526 |    526 |      0 |     72 |    337 |   1 |  526.0 |
               +--------+--------+--------+--------+--------+-----+--------+

Top non-repeatable levels by time:
 Snake:4: 2630 daAuts
 Snake:1: 2619 daAuts
  Lair:5: 2448 daAuts
   Orc:1: 2233 daAuts
    D:14: 2183 daAuts
 Snake:3: 2071 daAuts
     D:8: 2009 daAuts
 Snake:2: 1821 daAuts
     D:3: 1655 daAuts
  Lair:3: 1610 daAuts
     D:7: 1556 daAuts
     D:9: 1548 daAuts
    D:13: 1522 daAuts
    D:15: 1495 daAuts
   Orc:2: 1411 daAuts
